[Event "ICCopen2017"]
[Site "Internet Chess Club"]
[Date "2017.04.02"]
[Round "7"]
[White "ShadowStorm"]
[Black "ChessIncognito"]
[Result "1-0"]
[ICCResult "Black forfeits on time"]
[WhiteElo "1424"]
[BlackElo "1596"]
[Opening "Queen's Pawn"]
[ECO "A41"]
[NIC "QO.17"]
[Time "20:19:37"]
[TimeControl "180+0"]

1. d4 d6 2. e3 e5 3. f4 e4 4. Nd2 f5 5. c4 c6 6. Ne2 d5 7. b3 Nf6 8. Bb2 Bd6
9. Ng3 O-O 10. Be2 Be6 11. O-O Nbd7 12. Rc1 Rc8 13. c5 Bb8 14. b4 Qe8 15. a4
h6 16. Nb3 g5 17. fxg5 hxg5 18. b5 g4 19. bxc6 bxc6 20. Na5 Rf7 21. Ba6 Rc7
22. Nb7 Qf8 23. Nd6 Rh7 24. Ngxf5 Bxf5 25. Nxf5 Qf7 26. Ng3 Qg6 27. Bc3 Nf8
28. Qe2 Rh4 29. Nf5 Rh5 30. Ng3 Rh6 31. Qf2 Rch7 32. Qf5 Rxh2 33. Qxg6+ Nxg6
34. Kf2 Bxg3+ 35. Kxg3 R7h4 36. Rg1 Nh5+ 37. Kf2 g3+ 38. Ke2 Ne7 39. Be1 Nf5
40. Bb7 Nf6 41. Bxc6 Ng4 42. Bxd5+ {Black forfeits on time} 1-0

[Event "ICCopen2017"]
[Site "Internet Chess Club"]
[Date "2017.04.02"]
[Round "7"]
[White "cloak1"]
[Black "MisticKnights13"]
[Result "1-0"]
[ICCResult "Black forfeits on time"]
[WhiteElo "1818"]
[BlackElo "1562"]
[Opening "QGD: Chigorin defense"]
[ECO "D07"]
[NIC "QP.08"]
[Time "20:20:10"]
[TimeControl "180+0"]

1. d4 d5 2. c4 Nc6 3. Nc3 Nf6 4. cxd5 Nxd5 5. e4 Nxc3 6. bxc3 e5 7. d5 Nb8
8. Nf3 Bd6 9. Be2 O-O 10. O-O Nd7 11. Bg5 f6 12. Be3 Qe7 13. Nh4 g6 14. Nf3
b6 15. Bb5 Nc5 16. Bc6 Rb8 17. Nd2 Ba6 18. c4 Bb7 19. Bxb7 Rxb7 20. f3 b5
21. Rb1 Rfb8 22. Qc2 bxc4 23. Nxc4 Rxb1 24. Rxb1 Rxb1+ 25. Qxb1 Nd7 26. Qb5
Bc5 27. Kf2 Bxe3+ 28. Nxe3 Qc5 29. Qxd7 {Black forfeits on time} 1-0

[Event "ICCopen2017"]
[Site "Internet Chess Club"]
[Date "2017.04.02"]
[Round "7"]
[White "hecan58"]
[Black "HouseMorgan"]
[Result "0-1"]
[ICCResult "White forfeits on time"]
[WhiteElo "1775"]
[BlackElo "2170"]
[Opening "Caro-Kann defense"]
[ECO "B10"]
[NIC "CK.01"]
[Time "20:18:36"]
[TimeControl "180+0"]

1. e4 c6 2. e5 d5 3. exd6 exd6 4. Nf3 d5 5. Be2 Nf6 6. O-O Bd6 7. d4 O-O 8.
c4 Bg4 9. h3 Bh5 10. Nc3 Bxf3 11. Bxf3 dxc4 12. a4 Nbd7 13. Qe2 Nb6 14. a5
Nbd5 15. Qxc4 Rc8 16. Bg5 h6 17. Bh4 g5 18. Bg3 Bxg3 19. fxg3 Ne3 20. Qd3
Nxf1 21. Rxf1 Qd6 22. Kh2 Rcd8 23. Ne2 Ne8 24. Qf5 Ng7 25. Qc2 Ne6 26. Qf5
Ng7 27. Qc2 f5 28. Rd1 a6 29. Qb3+ Rf7 30. d5 c5 31. Qc3 h5 32. Ng1 g4 33.
Be2 h4 34. hxg4 Qxg3+ 35. Qxg3 hxg3+ 36. Kxg3 f4+ 37. Kf2 Rfd7 38. Bf3 Ne8
39. Ne2 Rf7 40. Rc1 Nd6 41. Rxc5 Rc8 42. Rxc8+ Nxc8 43. Nd4 Nd6 44. Ne6 Nc4
45. b3 Nxa5 46. g5 Rd7 47. g6 Nxb3 48. Ke2 a5 49. Kd3 a4 50. Kc3 b5 51. Kb4
Nd2 52. Nxf4 Nxf3 53. gxf3 Kg7 54. Ka3 Kf6 55. Kb4 Kf5 56. g7 Rxg7 57. Ne6
Ra7 58. Nd4+ Ke5 59. Nxb5 Ra8 60. Nc3 a3 61. Na2 Kxd5 62. Kb3 Ke5 63. Nc3
Kf4 64. Na2 Rb8+ 65. Kxa3 Ra8+ 66. Kb3 Rb8+ 67. Nb4 Rc8 68. Nd3+ Kg3 69. Ne5
Rb8+ 70. Kc4 Ra8 71. Kd4 Rc8 72. Ke4 Ra8 73. Kf5 Kh2 74. Ke6 Kh1 75. Kd5 Ra6
76. Ke4 Ra5 77. Kf5 Ra4 {White forfeits on time} 0-1

[Event "ICCopen2017"]
[Site "Internet Chess Club"]
[Date "2017.04.02"]
[Round "7"]
[White "Heian"]
[Black "elifly6"]
[Result "0-1"]
[ICCResult "White forfeits on time"]
[WhiteElo "1496"]
[BlackElo "1719"]
[Opening "French: advance, Euwe variation"]
[ECO "C02"]
[NIC "FR.03"]
[Time "20:19:30"]
[TimeControl "180+0"]

1. e4 e6 2. d4 d5 3. e5 c5 4. c3 Nc6 5. Nf3 Bd7 6. Bd3 cxd4 7. cxd4 Nb4 8.
Be2 Ne7 9. Nc3 Nbc6 10. Bd3 Nb4 11. Be2 Nf5 12. O-O Be7 13. a3 Nc6 14. h3
O-O 15. Be3 a5 16. Bd3 Nxe3 17. fxe3 f6 18. exf6 Bxf6 19. Rc1 Qb6 20. Rf2
Ne7 21. Bb1 Rac8 22. Qd3 g6 23. Rcf1 Nf5 24. Nh2 Qd6 25. Ng4 Bg7 26. Ne2 Rc4
27. b3 Rcc8 28. a4 h5 29. Nh2 h4 30. Nf3 Ng3 31. Nxg3 Qxg3 32. Qxg6 Qxg6 33.
Bxg6 Rc3 34. Re2 b6 35. Nxh4 b5 36. Rxf8+ Bxf8 37. Nf3 bxa4 38. bxa4 Bxa4
39. Ne5 Bb5 40. Rf2 a4 41. Rf7 Bg7 42. Ng4 Rc8 43. Nf6+ Bxf6 44. Rxf6 Kg7
45. Rxe6 Ra8 {White forfeits on time} 0-1

[Event "ICCopen2017"]
[Site "Internet Chess Club"]
[Date "2017.04.02"]
[Round "7"]
[White "bythebook"]
[Black "snaillike"]
[Result "1-0"]
[ICCResult "Black forfeits on time"]
[WhiteElo "1558"]
[BlackElo "1302"]
[Opening "Scandinavian (center counter) defense"]
[ECO "B01"]
[NIC "VO.17"]
[Time "20:19:49"]
[TimeControl "180+0"]

1. e4 d5 2. exd5 e6 3. dxe6 Bxe6 4. Nf3 Nf6 5. Be2 Bd6 6. O-O O-O 7. d4 Qc8
8. c4 c6 9. Nc3 Bg4 10. Bg5 Kh8 11. Bxf6 gxf6 12. Qd2 Rg8 13. Kh1 Rg7 14.
Ne4 Be7 15. Qf4 Nd7 16. h3 Be6 17. Rfd1 Qg8 18. d5 cxd5 19. cxd5 Bxh3 20.
gxh3 Bc5 21. Nxf6 Nxf6 22. Qxf6 Re8 23. Bd3 Bxf2 24. Ng5 h6 25. Qxh6+
{Black forfeits on time}
1-0

[Event "ICCopen2017"]
[Site "Internet Chess Club"]
[Date "2017.04.02"]
[Round "7"]
[White "oli2"]
[Black "Colombiano07"]
[Result "0-1"]
[ICCResult "White checkmated"]
[WhiteElo "1732"]
[BlackElo "1924"]
[Opening "Sicilian: accelerated fianchetto, modern variation with Bc4"]
[ECO "B35"]
[NIC "SI.33"]
[Time "20:19:50"]
[TimeControl "180+0"]

1. e4 c5 2. Nf3 Nc6 3. d4 cxd4 4. Nxd4 g6 5. Nc3 Bg7 6. Be3 Nf6 7. Bc4 O-O
8. Bb3 a5 9. O-O a4 10. Nxa4 Nxe4 11. Nb5 Ra6 12. c4 d6 13. Qe2 Be6 14. Rad1
Qc8 15. Nb6 Qb8 16. Nd5 Re8 17. Nbc7 Bxd5 18. Nxa6 bxa6 19. cxd5 Na5 20. Bc2
Qxb2 21. Rb1 Qxa2 22. Bb6 Nc3 23. Qxa6 Qxc2 24. Rbc1 Ne2+ 25. Kh1 Nxc1 26.
Qxa5 Nd3 27. Qb5 Rf8 28. Kg1 Nc5 29. Qc6 Bd4 30. g3 Qe2 31. Bxc5 Bxc5 32.
Kg2 Qe4+ 33. Kg1 Rb8 34. h4 Rb1 35. Rxb1 Qxb1+ 36. Kg2 Qe4+ 37. Kf1 Qd3+ 38.
Kg2 Qe4+ 39. Kf1 Qf3 40. Qa8+ Kg7 41. Qa2 Qxf2+ 42. Qxf2 Bxf2 43. Kxf2 Kf6
44. Ke3 Ke5 45. Kf3 Kxd5 46. Kf4 h6 47. h5 e5+ 48. Kg4 gxh5+ 49. Kf5 e4 50.
Kf6 e3 51. Kxf7 e2 52. Kg6 e1=Q 53. Kxh5 Qxg3 54. Kxh6 Ke5 55. Kh7 d5 56.
Kh8 d4 57. Kh7 d3 58. Kh8 d2 59. Kh7 d1=Q 60. Kh8 Qh1# {White checkmated}
0-1

[Event "ICCopen2017"]
[Site "Internet Chess Club"]
[Date "2017.04.02"]
[Round "7"]
[White "ComeonJimtal"]
[Black "x-plica"]
[Result "1-0"]
[ICCResult "Black forfeits on time"]
[WhiteElo "1747"]
[BlackElo "1430"]
[Opening "French: Labourdonnais variation"]
[ECO "C00"]
[NIC "FR.01"]
[Time "20:19:26"]
[TimeControl "180+0"]

1. e4 e6 2. f4 c5 3. b4 cxb4 4. a3 h6 5. axb4 Bxb4 6. c3 Be7 7. d4 Bh4+ 8.
g3 Be7 9. Nf3 Nf6 10. Bd3 Nc6 11. e5 Nd5 12. O-O Qa5 13. Rxa5 Nxa5 14. c4
Nc7 15. f5 Nc6 16. d5 exd5 17. cxd5 Nxd5 18. f6 Bc5+ 19. Kg2 gxf6 20. exf6
Be3 21. Bxe3 Nxe3+ 22. Kf2 Nxd1+ 23. Rxd1 Kd8 24. Nc3 a6 25. Ne4 Kc7 26. Rc1
Kb6 27. Nd6 Rf8 28. Nh4 Ne5 29. Be2 Ka7 30. Nhf5 b5 31. Ne7 Bb7 32. Rc7 Rab8
33. Bf1 Kb6 34. Rc1 Bc6 35. Ke3 Ng4+ 36. Kf4 Nxf6 37. Nxc6 dxc6 38. Bg2 Nd5+
39. Ke5 f6+ 40. Kd4 Rbd8 41. Rxc6+ Kxc6 42. Nf5 Kb6 43. Bxd5 Rd7 44. Ke4
Rfd8 45. Bb3 a5 46. Nxh6 a4 47. Be6 Rd4+ 48. Kf5 R8d6 49. Bg8 R4d5+ 50. Kf4
Rg5 51. Bh7 Rd4+ 52. Ke3 Rc4 53. Nf5 Rc3+ 54. Kf4 Rh5 55. Bg8 Rxh2 56. Ne7
Rc4+ 57. Bxc4 bxc4 58. Nd5+ Kc5 59. Nxf6 c3 60. Ne4+ Kb4 61. Ke3 Kb3 62. Kd3
Ra2 63. Nc5+ {Black forfeits on time} 1-0

[Event "ICCopen2017"]
[Site "Internet Chess Club"]
[Date "2017.04.02"]
[Round "7"]
[White "supermouse"]
[Black "Darnoc"]
[Result "0-1"]
[ICCResult "White checkmated"]
[WhiteElo "2612"]
[BlackElo "2896"]
[Opening "Réti: King's Indian attack, Keres variation"]
[ECO "A07"]
[NIC "QP.09"]
[Time "20:19:25"]
[TimeControl "180+0"]

1. Nf3 d5 2. g3 Bg4 3. Bg2 Nd7 4. O-O e6 5. d3 Bd6 6. Nc3 Ne7 7. e4 c6 8.
Qe1 O-O 9. h3 Bh5 10. a4 Re8 11. a5 Bxf3 12. Bxf3 Bb4 13. Bd2 d4 14. Ne2
Bxd2 15. Qxd2 e5 16. b4 c5 17. Rfb1 Rc8 18. bxc5 Nxc5 19. Bg4 Rc7 20. f4 Nc6
21. Kg2 Qd6 22. Rf1 Na6 23. Rab1 Ncb4 24. Rb2 Qc5 25. fxe5 Nxc2 26. Rc1 Ne3+
27. Kf2 Qxe5 28. Rxc7 Nxc7 29. Rxb7 Nxg4+ 30. hxg4 Ne6 31. Rxa7 Qf6+ 32. Kg2
Qg6 33. Nf4 Qxg4 34. Nxe6 Qxe6 35. a6 Rc8 36. Qb2 h5 37. Kf3 h4 38. gxh4
Qh3+ 39. Kf4 Qxh4+ 40. Kf3 Qh3+ 41. Kf4 Qe3+ 42. Ke5 Qg5+ 43. Kxd4 Qf6+ 44.
e5 Qf4+ 45. Kd5 Qf3+ 46. Kd6 Qc6+ 47. Ke7 Qe6# {White checkmated} 0-1

[Event "ICCopen2017"]
[Site "Internet Chess Club"]
[Date "2017.04.02"]
[Round "7"]
[White "Quinten1994"]
[Black "Kheshig"]
[Result "0-1"]
[ICCResult "White resigns"]
[WhiteElo "2305"]
[BlackElo "2647"]
[Opening "Caro-Kann: two knights variation"]
[ECO "B10"]
[NIC "CK.01"]
[Time "20:19:36"]
[TimeControl "180+0"]

1. e4 c6 2. Nf3 d5 3. Nc3 Nf6 4. e5 Ne4 5. d4 e6 6. Bd3 Nxc3 7. bxc3 c5 8.
O-O c4 9. Be2 Be7 10. a4 Nc6 11. g3 Bd7 12. Ne1 Qa5 13. Bd2 O-O-O 14. f4 f5
15. Nf3 h6 16. Rf2 Rdg8 17. h4 Be8 18. Rh2 Bh5 19. Kf2 Nd8 20. Qb1 g6 21.
Qb5 Nc6 22. Rhh1 Kc7 23. Rhb1 b6 24. Rh1 Qxb5 25. axb5 Na5 26. Bc1 Bxf3 27.
Bxf3 h5 28. Bb2 Ra8 29. Ra2 a6 30. bxa6 Rxa6 31. Rha1 Rha8 32. Ba3 Bxa3 33.
Rxa3 Kb7 34. Ke2 Nc6 35. Rxa6 Rxa6 36. Rxa6 Kxa6 37. Kd2 Kb5 38. Kc1 Ka4 39.
Kb2 b5 40. Bd1 Na7 41. Be2 Nc8 42. Bd1 Nb6 43. Be2 Ka5 44. Kc1 Ka6 45. Bd1
Ka5 46. Be2 Na4 47. Kd2 Nb6 48. Kc1 Nc8 49. Kb2 Ka4 50. Bd1 Na7 51. Ka2 b4
52. Kb2 Nb5 53. cxb4 Kxb4 54. Bf3 c3+ 55. Kc1 Nxd4 56. Bd1 Kc4 57. Kb1 Nc6
{White resigns}
0-1

[Event "ICCopen2017"]
[Site "Internet Chess Club"]
[Date "2017.04.02"]
[Round "7"]
[White "Chaos23"]
[Black "egyptiantiger"]
[Result "1-0"]
[ICCResult "Black checkmated"]
[WhiteElo "1861"]
[BlackElo "1690"]
[Opening "Benko's opening"]
[ECO "A00"]
[NIC "VO.09"]
[Time "20:18:46"]
[TimeControl "180+0"]

1. g3 g6 2. Bg2 Bg7 3. e4 d6 4. d4 Nf6 5. Ne2 Nbd7 6. O-O O-O 7. Nbc3 e5 8.
d5 a6 9. a4 Nh5 10. f4 exf4 11. gxf4 Ndf6 12. h3 Re8 13. Be3 h6 14. Bd4 Bd7
15. a5 Qc8 16. Kh2 Nh7 17. Bxg7 Kxg7 18. Qd4+ Kg8 19. Ra3 Qd8 20. Rb3 Rb8
21. Nd1 Qh4 22. Ne3 f5 23. exf5 gxf5 24. Bf3 Rxe3 25. Qxe3 Re8 26. Rg1+ Ng7
27. Qd4 Re5 28. fxe5 Qxd4 29. Nxd4 dxe5 30. Ne6 Ng5 31. Nxg5 hxg5 32. Rxg5
e4 33. Be2 Kf8 34. Rxb7 Ne8 35. Bxa6 Ke7 36. Be2 Kd6 37. a6 Kxd5 38. a7 Bc6
39. a8=Q Nd6 40. Qa5+ Ke6 41. Rxc7 e3 42. Rg6# {Black checkmated} 1-0

[Event "ICCopen2017"]
[Site "Internet Chess Club"]
[Date "2017.04.02"]
[Round "7"]
[White "asadue"]
[Black "Vacationer"]
[Result "1-0"]
[ICCResult "Black forfeits on time"]
[WhiteElo "1258"]
[BlackElo "1657"]
[Opening "French: Winawer, Alekhine gambit"]
[ECO "C15"]
[NIC "FR.08"]
[Time "20:19:22"]
[TimeControl "180+0"]

1. e4 e6 2. d4 d5 3. Nc3 Bb4 4. Ne2 dxe4 5. a3 Bxc3+ 6. Nxc3 Nf6 7. Bg5 c5
8. Bb5+ Nc6 9. dxc5 Qxd1+ 10. Rxd1 O-O 11. Bxc6 bxc6 12. Bxf6 gxf6 13. Nxe4
f5 14. Nd6 Ba6 15. f4 Rab8 16. b4 Bc8 17. O-O a5 18. Rf3 axb4 19. axb4 Rxb4
20. Rg3+ Kh8 21. Rg5 Rxf4 22. Rd3 Ba6 23. Rd1 Rg4 24. Rxg4 fxg4 25. c4 Kg7
26. Ra1 Ra8 27. Kf2 Kf6 28. Kg3 h5 29. Kf4 e5+ 30. Ke4 Ke6 31. g3 f5+ 32.
Ke3 f4+ 33. gxf4 exf4+ 34. Kxf4 Rf8+ 35. Kg5 Bc8 36. Ra8 Rg8+ 37. Kh4 Kd7
38. Ra7+ Ke6 39. Rh7 Bd7 40. Rxh5 {Black forfeits on time} 1-0

[Event "ICCopen2017"]
[Site "Internet Chess Club"]
[Date "2017.04.02"]
[Round "7"]
[White "sanka"]
[Black "ziggyalbert"]
[Result "0-1"]
[ICCResult "White checkmated"]
[WhiteElo "1294"]
[BlackElo "1285"]
[Opening "Sicilian: accelerated fianchetto, modern variation"]
[ECO "B34"]
[NIC "SI.33"]
[Time "20:20:10"]
[TimeControl "180+0"]

1. e4 c5 2. Nf3 Nc6 3. d4 cxd4 4. Nxd4 g6 5. Nc3 Bg7 6. Be3 e6 7. f3 Nge7 8.
Qd2 O-O 9. O-O-O Nb4 10. a3 Nbc6 11. g4 Re8 12. h4 d5 13. Nxc6 Nxc6 14. Kb1
d4 15. h5 dxc3 16. Qxd8 Rxd8 17. Rxd8+ Nxd8 18. hxg6 hxg6 19. bxc3 Bxc3 20.
f4 Nc6 21. f5 exf5 22. gxf5 gxf5 23. Rg1+ Kf8 24. Bh6+ Ke7 25. Bc4 Ne5 26.
Bb3 fxe4 27. Bg7 e3 28. Bxe5 Bxe5 29. Re1 Bd4 30. c3 Bc5 31. Kc2 f5 32. Bc4
f4 33. Rh1 Bf5+ 34. Kb3 Rd8 35. Rh5 Kf6 36. Rh6+ Kg5 37. Rh7 Bxh7 38. a4 f3
39. a5 e2 40. Bxe2 fxe2 41. a6 bxa6 42. Kc4 e1=Q 43. Kxc5 Qxc3#
{White checkmated}
0-1

[Event "ICCopen2017"]
[Site "Internet Chess Club"]
[Date "2017.04.02"]
[Round "7"]
[White "Dupinpon"]
[Black "samank"]
[Result "1-0"]
[ICCResult "Black forfeits on time"]
[WhiteElo "1594"]
[BlackElo "1380"]
[Opening "Sicilian defense"]
[ECO "B20"]
[NIC "SI.48"]
[Time "20:19:19"]
[TimeControl "180+0"]

1. e4 c5 2. d3 d5 3. Nd2 e6 4. g3 Nf6 5. Bg2 d4 6. f4 Nc6 7. Ngf3 Be7 8. O-O
Nd7 9. a4 O-O 10. Nc4 Nb6 11. Nce5 Nxe5 12. fxe5 Bd7 13. a5 Nc8 14. h4 h6
15. Bf4 f6 16. Qd2 Rf7 17. h5 fxe5 18. Nxe5 Rf6 19. Ng4 Rxf4 20. Qxf4 Bg5
21. Qf7+ Kh8 22. Ne5 Ne7 23. Bh3 Be3+ 24. Kg2 Be8 25. Qf8+ Kh7 26. Bxe6 Bxh5
27. Bf5+ Nxf5 28. Qxf5+ g6 29. Qf7+ Kh8 30. Nxg6+ Bxg6 31. Qxg6 Qg8 32.
Qxg8+ Rxg8 33. Rh1 Bf4 34. Raf1 Rxg3+ 35. Kf2 Rg6 36. Ke2 Rg2+ 37. Rf2 Rxf2+
38. Kxf2 Be3+ 39. Ke2 Kg7 40. Rh2 Kg6 41. Rg2+ {Black forfeits on time} 1-0

[Event "ICCopen2017"]
[Site "Internet Chess Club"]
[Date "2017.04.02"]
[Round "7"]
[White "Jojua"]
[Black "Mysterious17"]
[Result "1-0"]
[ICCResult "Black forfeits on time"]
[WhiteElo "1517"]
[BlackElo "1635"]
[Opening "Polish (Sokolsky) opening"]
[ECO "A00"]
[NIC "VO.10"]
[Time "20:19:56"]
[TimeControl "180+0"]

1. b4 e5 2. Bb2 Bxb4 3. Bxe5 Nf6 4. Nf3 d5 5. c3 Bd6 6. Bxd6 Qxd6 7. g3 Bg4
8. Bg2 O-O 9. h3 Bxf3 10. Bxf3 Nc6 11. O-O Ne5 12. Bg2 Rfe8 13. d3 c5 14.
Qc2 Rac8 15. Nd2 Nc6 16. a3 Rxe2 17. Rfe1 Re5 18. Nf3 Ree8 19. Rab1 b6 20.
a4 Qd7 21. Qb3 h6 22. Nh4 Ne5 23. Rbd1 g5 24. Nf3 Nxf3+ 25. Bxf3 Qxh3 26.
Bg2 Qd7 27. c4 Rxe1+ 28. Rxe1 Re8 29. Rxe8+ Qxe8 30. cxd5 Qe1+ 31. Bf1 Qb4
32. Qc4 Qxc4 33. dxc4 Ne4 34. Bd3 f5 35. Kg2 Nd6 36. f4 Kf7 37. Kf3 Kf6 38.
Ke3 g4 39. Kd2 h5 40. Ke2 Nb7 41. Kf2 Na5 42. Kg2 Nb3 43. Kf2 Nd4 44. d6 Nc6
45. d7 Ke7 46. Bxf5 Nd4 47. Bg6 Kxd7 48. Bxh5 Ke7 49. Bxg4 Nc2 50. Bf5 Nb4
51. Kf3 Nc6 52. g4 Nd4+ 53. Ke4 Nxf5 54. Kxf5 a6 55. Kg6 b5 56. cxb5 axb5
57. axb5 c4 58. f5 c3 59. f6+ Ke6 60. b6 c2 61. b7 c1=Q 62. b8=Q Qc2+ 63.
Kg7 {Black forfeits on time} 1-0

[Event "ICCopen2017"]
[Site "Internet Chess Club"]
[Date "2017.04.02"]
[Round "7"]
[White "matnik"]
[Black "Balderdash"]
[Result "1-0"]
[ICCResult "Black resigns"]
[WhiteElo "1551"]
[BlackElo "1132"]
[Opening "KP: Indian opening"]
[ECO "C20"]
[NIC "KP.07"]
[Time "20:20:18"]
[TimeControl "180+0"]

1. e4 e5 2. d3 Nc6 3. Nf3 Qf6 4. h3 Bc5 5. Nc3 d5 6. Nxd5 Qd6 7. Be2 Nd4 8.
O-O Nxe2+ 9. Qxe2 c6 10. Ne3 Nf6 11. c3 Be6 12. d4 exd4 13. cxd4 Bxd4 14.
Nxd4 Qxd4 15. f3 Bc4 16. Qxc4 Qb6 17. a4 Rd8 18. a5 Qc7 19. b4 O-O 20. Kh1
g6 21. Bb2 Rd6 22. e5 b5 23. exd6 Qxd6 24. Qh4 Nh5 25. Rfd1 Ng3+ 26. Kg1
Qxd1+ 27. Rxd1 Ne2+ 28. Kh2 h5 29. Qf6 {Black resigns} 1-0

[Event "ICCopen2017"]
[Site "Internet Chess Club"]
[Date "2017.04.02"]
[Round "7"]
[White "Almutairih"]
[Black "Bishopmate"]
[Result "1-0"]
[ICCResult "Black forfeits on time"]
[WhiteElo "1280"]
[BlackElo "1227"]
[Opening "Hungarian defense"]
[ECO "C50"]
[NIC "IG.03"]
[Time "20:19:57"]
[TimeControl "180+0"]

1. e4 e5 2. Nf3 Nc6 3. Bc4 Be7 4. O-O Nf6 5. d4 exd4 6. e5 Ng4 7. Bf4 O-O 8.
h3 Nh6 9. Bxh6 gxh6 10. Qd2 Bg5 11. Nxg5 Qxg5 12. f4 Qg7 13. Kh2 Kh8 14. c3
dxc3 15. Nxc3 Rg8 16. Ne4 d6 17. Nf6 Qg3+ 18. Kh1 Rg7 19. Rf3 Qh4 20. Re1
dxe5 21. fxe5 Be6 22. Bd3 Nd4 23. Rf4 Qg3 24. Rxd4 Bxh3 25. Bf1 Be6 26. Rd8+
Rxd8 27. Qxd8+ Rg8 28. Nxg8 {Black forfeits on time} 1-0

[Event "ICCopen2017"]
[Site "Internet Chess Club"]
[Date "2017.04.02"]
[Round "7"]
[White "bhaiju"]
[Black "MassCarnage"]
[Result "1-0"]
[ICCResult "Black checkmated"]
[WhiteElo "1744"]
[BlackElo "1945"]
[Opening "St. George (Baker) defense"]
[ECO "B00"]
[NIC "VO.17"]
[Time "20:19:40"]
[TimeControl "180+0"]

1. e4 a6 2. Nf3 b5 3. d4 Bb7 4. Bd3 e6 5. c4 bxc4 6. Bc2 Nf6 7. Nc3 d6 8.
Qe2 Nbd7 9. Qxc4 h6 10. O-O g5 11. d5 g4 12. dxe6 gxf3 13. exd7+ Qxd7 14.
Nd5 Nxd5 15. exd5 Rg8 16. Qe4+ Be7 17. Qxf3 O-O-O 18. Bf5 Qxf5 19. Qxf5+ Kb8
20. Bxh6 Rg6 21. Bf4 Rdg8 22. Bg3 Bd8 23. Qxf7 R6g7 24. Qf3 Rg5 25. Rfd1
R5g7 26. Rd3 Bf6 27. Rb3 Bd4 28. Re1 Bb6 29. a4 a5 30. Rxb6 cxb6 31. Bxd6+
Ka7 32. Bg3 Rg5 33. Rd1 Rd8 34. Qf6 Rgxd5 35. Rxd5 Rxd5 36. h4 Rd1+ 37. Kh2
Rd5 38. Bf4 b5 39. Be3+ Kb8 40. axb5 Rxb5 41. Qd6+ Kc8 42. Qf8+ Kc7 43. Qf7+
Kc6 44. h5 Rd5 45. Qf3 Kd6 46. h6 Kc7 47. h7 Rd8 48. Qf7+ Kc8 49. Qf6 Rd7
50. h8=Q+ Kc7 51. Qe5+ Kc6 52. Qc5# {Black checkmated} 1-0

[Event "ICCopen2017"]
[Site "Internet Chess Club"]
[Date "2017.04.02"]
[Round "7"]
[White "PaulieChessnut"]
[Black "blackjack721"]
[Result "1-0"]
[ICCResult "Black checkmated"]
[WhiteElo "1373"]
[BlackElo "1291"]
[Opening "KGD: classical, 4.c3"]
[ECO "C30"]
[NIC "KG.05"]
[Time "20:19:48"]
[TimeControl "180+0"]

1. e4 e5 2. f4 Bc5 3. Nf3 d6 4. c3 Bg4 5. d4 exd4 6. cxd4 Bb4+ 7. Bd2 a5 8.
a3 Nc6 9. axb4 Nxb4 10. Qa4+ c6 11. Bxb4 axb4 12. Qxa8 Qxa8 13. Rxa8+ Ke7
14. Ng5 h6 15. Nf3 f6 16. Be2 Kf7 17. Rb8 b5 18. f5 Ne7 19. Rxh8 d5 20. Nh4
Bxe2 21. Kxe2 dxe4 22. g4 Nd5 23. Rf1 e3 24. Rd8 b3 25. Rxd5 cxd5 26. Kxe3
Ke7 27. Kf4 Kd6 28. Nc3 b4 29. Na4 Kc6 30. Rf3 Kb5 31. Nc5 Kc4 32. Ke3 Kb5
33. Ng6 Kc4 34. h4 Kb5 35. h5 Kc4 36. Nf4 Kb5 37. Nfe6 Kc4 38. Nc7 g5 39.
hxg6 h5 40. N7e6 hxg4 41. Rg3 Kb5 42. g7 Kc6 43. g8=Q Kb5 44. Qb8+ Kc6 45.
Qb7+ Kd6 46. Qd7# {Black checkmated} 1-0

[Event "ICCopen2017"]
[Site "Internet Chess Club"]
[Date "2017.04.02"]
[Round "7"]
[White "TonyYak"]
[Black "DrDeath"]
[Result "0-1"]
[ICCResult "White checkmated"]
[WhiteElo "1397"]
[BlackElo "1786"]
[Opening "Sicilian: Alapin's variation (2.c3)"]
[ECO "B22"]
[NIC "SI.46"]
[Time "20:19:28"]
[TimeControl "180+0"]

1. e4 c5 2. c3 d5 3. exd5 e6 4. Nf3 Nf6 5. Bb5+ Bd7 6. Qe2 Qb6 7. Bxd7+
Nbxd7 8. dxe6 fxe6 9. O-O O-O-O 10. Na3 h5 11. Nc4 Qc7 12. Nfe5 Ng4 13. f4
b5 14. Nf7 Be7 15. Nce5 Ndxe5 16. fxe5 c4 17. Nxd8 Bc5+ 18. Kh1 Qxd8 19. d4
cxd3 20. Qf3 Qh4 21. Qa8+ Kc7 22. Rf7+ Be7 23. Qxa7+ Kc8 24. Bf4 Nf2+ 25.
Kg1 Nh3+ 26. gxh3 Kd8 27. Qb8+ Kd7 28. Qxh8 d2 29. Rxe7+ Qxe7 30. Bxd2 Qc5+
31. Kf1 Qc4+ 32. Ke1 Qe4+ 33. Kd1 Qh1+ 34. Kc2 Qe4+ 35. Kb3 Qc4+ 36. Kc2
Qe4+ 37. Kb3 Qa4# {White checkmated} 0-1

[Event "ICCopen2017"]
[Site "Internet Chess Club"]
[Date "2017.04.02"]
[Round "7"]
[White "AreYouSerious"]
[Black "Baltimora"]
[Result "0-1"]
[ICCResult "White forfeits on time"]
[WhiteElo "1822"]
[BlackElo "2209"]
[Opening "Réti opening"]
[ECO "A04"]
[NIC "QP.10"]
[Time "20:19:45"]
[TimeControl "180+0"]

1. Nf3 c5 2. e3 Nf6 3. b3 g6 4. Bb2 Bg7 5. g3 O-O 6. Bg2 b6 7. d3 Bb7 8.
Nbd2 d5 9. O-O Nc6 10. a3 Qd6 11. c4 e6 12. Qc2 Rfd8 13. Rfd1 dxc4 14. dxc4
Qe7 15. Rab1 Rd7 16. Nf1 Rad8 17. Rxd7 Qxd7 18. Bc3 Qd3 19. Qb2 Ne8 20. Bxg7
Nxg7 21. g4 h5 22. gxh5 Nxh5 23. Ng3 Nxg3 24. hxg3 Qd6 25. Qc3 Qe7 26. Ne5
Nxe5 27. Qxe5 Bxg2 28. Kxg2 Qb7+ 29. e4 Rd4 30. Re1 Qd7 31. Qf6 Qb7 32. Re2
Rxe4 33. Qd8+ Kg7 34. Rxe4 Qxe4+ 35. Kg1 Qb1+ 36. Kh2 Qxb3 37. Qc7 Qf3 38.
Qe5+ Kh7 39. Qb2 g5 40. Kg1 f6 41. Qd2 Kg6 42. Qd7 Kf5 43. Qxa7 Qb3 44. Qh7+
Ke5 {White forfeits on time} 0-1

[Event "ICCopen2017"]
[Site "Internet Chess Club"]
[Date "2017.04.02"]
[Round "7"]
[White "hangin"]
[Black "kwameh72"]
[Result "1/2-1/2"]
[ICCResult "Game drawn by repetition"]
[WhiteElo "1266"]
[BlackElo "1521"]
[Opening "Queen's pawn: Lundin (Kevitz-Mikenas) defense"]
[ECO "A40"]
[NIC "QO.17"]
[Time "20:20:32"]
[TimeControl "180+0"]

1. d4 Nc6 2. c4 e5 3. d5 Nce7 4. e4 Ng6 5. Bd3 Bb4+ 6. Bd2 Bc5 7. Nf3 d6 8.
O-O a5 9. a3 N8e7 10. Nc3 O-O 11. Nb5 f5 12. b4 axb4 13. axb4 Rxa1 14. Qxa1
Bb6 15. Rc1 fxe4 16. Bxe4 Bf5 17. Bxf5 Nxf5 18. c5 dxc5 19. bxc5 c6 20. cxb6
cxb5 21. Qa7 Qxd5 22. Be3 Nd4 23. Nxd4 exd4 24. Bd2 Nh4 25. f3 d3 26. Rc7
Nf5 27. Qxb7 Qd4+ 28. Kf1 Qa1+ 29. Kf2 Qd4+ 30. Kf1 Qh4 31. Kg1 Qd4+ 32. Kf1
{Game drawn by repetition}
1/2-1/2

[Event "ICCopen2017"]
[Site "Internet Chess Club"]
[Date "2017.04.02"]
[Round "7"]
[White "blunderville"]
[Black "StaggerLee"]
[Result "1-0"]
[ICCResult "Black forfeits on time"]
[WhiteElo "1540"]
[BlackElo "1380"]
[Opening "two knights: Max Lange attack"]
[ECO "C55"]
[NIC "KP.02"]
[Time "20:19:52"]
[TimeControl "180+0"]

1. e4 e5 2. Bc4 Nf6 3. Nf3 Nc6 4. d4 exd4 5. O-O Bc5 6. e5 Ne4 7. Re1 d5 8.
exd6 f5 9. dxc7 Qxc7 10. Ng5 h6 11. Qh5+ Kd8 12. Nf7+ Ke7 13. Nxh8 Be6 14.
Bxe6 Rxh8 15. Bxf5 Rf8 16. Bxe4 Ne5 17. Bf3 Bd6 18. Nd2 Kd8 19. Re4 Nxf3+
20. Nxf3 Kc8 21. Nxd4 Kb8 22. c3 g5 23. Qxh6 Bf4 24. Bxf4
{Black forfeits on time}
1-0